 Dungeon Crawl Stone Soup version 0.18-a0-1311-g779ca93 (webtiles) character file.

158 namelastname112 the Ruffian (level 5, -3/49 HPs)
             Began as a Naga Monk on Feb 13, 2016.
             Slain by an ogre
             ... wielding a +0 giant club
              (22 damage)
             ... on level 4 of the Dungeon.
             The game lasted 00:06:18 (2614 turns).

namelastname112 the Ruffian (Naga Monk)             Turns: 2614, Time: 00:06:18

Health: -3/49      AC:  4    Str: 15    XL:     5   Next: 40%
Magic:  5/5        EV: 10    Int: 10    God:
Gold:   178        SH:  0    Dex: 13    Spells: 0 memorised, 4 levels left

rFire  . . .     SeeInvis +       - Unarmed
rCold  . . .     Gourm    .     g - +0 leather armour
rNeg   . . .     Faith    .     (no shield)
rPois  +         Spirit   .     (no helmet)
rElec  .         Dismiss  .     (no cloak)
rCorr  .         Reflect  .     d - +0 pair of gloves
SustAt .         Harm     .     (no barding)
MR     +....                    c - amulet of regeneration
Stlth  ++........               (no ring)
                                v - ring of protection from magic

@: short of breath, very slow, somewhat resistant to hostile enchantments,
unstealthy
A: see invisible, deformed body, poison resistance, slowness 2, slow metabolism
1, spit poison 2, AC +1
a: Spit Poison


You were on level 4 of the Dungeon.
You were hungry.

You visited 1 branch of the dungeon, and saw 4 of its levels.

You collected 178 gold pieces.

Inventory:

Armour
 d - a +0 pair of gloves (worn)
 g - a +0 leather armour (worn)
Jewellery
 c - an amulet of regeneration (around neck)
 v - a ring of protection from magic (left hand)
 x - an uncursed ring of protection from magic
Scrolls
 e - 2 scrolls of identify {unknown}
 f - a scroll of magic mapping {unknown}
 l - 2 scrolls of immolation {unknown}
 m - a scroll of enchant armour {unknown}
 p - a scroll of amnesia {unknown}
 q - a scroll of teleportation {unknown}
 y - 2 scrolls of recharging {unknown}
Potions
 a - a potion of degeneration {unknown}
 h - a potion of might {unknown}
 i - a potion of invisibility {unknown}
 j - a potion of ambrosia {unknown}
 k - 3 potions of flight {unknown}
 n - a potion of mutation {unknown}
 r - a potion of curing {unknown}
 t - a potion of cancellation {unknown}
 u - a potion of agility {unknown}
 w - a potion of resistance {unknown}
Comestibles
 b - 4 bread rations
 o - a meat ration
 s - 8 fruits


   Skills:
 + Level 3.5 Fighting
 + Level 1.5 Armour
 + Level 3.1 Dodging
 - Level 3.0 Stealth
 * Level 5.1 Unarmed Combat


You had 4 spell levels left.
You didn't know any spells.

Dungeon Overview and Level Annotations

Branches:
Dungeon (4/15)
 Temple: D:4-7

Altars:
Dithmenos


Innate Abilities, Weirdness & Mutations

You cannot wear boots.
Your serpentine skin is tough (AC +1).
You have supernaturally acute eyesight.
Armour fits poorly on your strangely shaped body.
Your system is resistant to poisons.
You cover ground very slowly.
You have a slow metabolism.
You can spit poison.


Message History

You now have 178 gold pieces (gained 3).
Found a stone staircase leading down.
An ogre comes into view. It is wielding a giant club.
Press: ? - help, Shift-Dir - straight line, f - ogre
Aim: an ogre, wielding a giant club (resting)
The splash of poison hits the ogre.
The ogre is poisoned.
The ogre is lightly wounded.
You feel slightly more hungry.
You barely miss the ogre.
The ogre is moderately wounded.
The ogre hits you with a giant club!
You hit the ogre.
The ogre is moderately wounded.
You barely miss the ogre. You punch the ogre, but do no damage.
The ogre is moderately wounded.
The ogre hits you with a giant club!!
You barely miss the ogre.
The ogre is moderately wounded.
The ogre hits you with a giant club!!
You die...

##..............#
..........#..#.#
....#.#........# #....
#........#.# ######.#.#
#....##.>#.#
.......#.###........#.##
#.>..................
#...@................
#..O#.####..##.....##
#...#.# #.........##
#...#.# ##..........
#...#+###########..##
#### .............##
..######......# #......#
#......#


You could see an ogre.

Vanquished Creatures
  An orc wizard (D:3)
  A worker ant (D:3)
  5 adders
  3 worms (D:2)
  2 giant geckos
  4 orcs (D:3)
  7 bats
  A giant cockroach (D:2)
  8 goblins
  A hobgoblin (D:1)
  5 jackals (D:1)
  A ball python (D:2)
  3 giant newts
  7 kobolds
  4 rats
  A toadstool (D:1)
54 creatures vanquished.

Vanquished Creatures (others)
  3 toadstools (D:1)
3 creatures vanquished.

Grand Total: 57 creatures vanquished

Notes
Turn   | Place    | Note
--------------------------------------------------------------
     0 | D:1      | namelastname112 the Naga Monk began the quest for the Orb.
     0 | D:1      | Reached XP level 1. HP: 21/21 MP: 1/1
   399 | D:1      | Reached XP level 2. HP: 28/28 MP: 2/2
   774 | D:2      | Reached XP level 3. HP: 34/34 MP: 3/3
  1130 | D:2      | Reached skill level 1 in Armour
  1331 | D:2      | Reached XP level 4. HP: 35/42 MP: 4/4
  1756 | D:3      | Found a shadowy altar of Dithmenos.
  1958 | D:3      | Reached skill level 5 in Unarmed Combat
  1958 | D:3      | Reached XP level 5. HP: 46/49 MP: 5/5
  1969 | D:3      | Found a shadowy altar of Dithmenos.
  2377 | D:4      | Noticed a phantom
  2609 | D:4      | Noticed an ogre
  2614 | D:4      | Slain by an ogre

Vault maps used:
D:1:      ldierk_water_garden
D:2:      dk_vineyard_2, minmay_misc_feat_rows
D:3:      lemuel_doored_altar, first_bread, grunt_dithmenos_smoke
D:4:      serial_shops, shop, lightli_corner_chamber

Action                   |  1- 3 |  4- 6 || total
-------------------------+-------+-------++-------
Melee: Unarmed           |    75 |    70 ||   145
 Abil: Spit Poison       |    30 |    18 ||    48
 Stab: Sleeping          |     1 |     4 ||     5
  Eat: Chunk             |     2 |     4 ||     6
